 Dungeon Crawl Stone Soup version 0.31.0-2-g5a2aebc5c2 (webtiles) character file.

Game seed: 11174912772908457278

16 Sweeb the Magician (level 2, 17/17 HPs)
             Began as an Octopode Hedge Wizard on Jan 20, 2024.
             Was an Initiate of Gozag.
             Quit the game on level 1 of the Dungeon.
             The game lasted 00:01:57 (685 turns).

Sweeb the Magician (Octopode Hedge Wizard)           Turns: 685, Time: 00:01:58

Health: 17/17      AC:  1    Str:  9    XL:     2   Next: 58%
Magic:  2/6        EV: 13    Int: 16    God:    Gozag
Gold:   13         SH:  0    Dex: 11    Spells: 6/7 levels left

rFire   . . .        a - +0 dagger
rCold   . . .        (no shield)
rNeg    . . .        b - +0 hat
rPois   .            (no amulet)
rElec   .            (no ring)
rCorr   .            (no ring)
SInv    .            (no ring)
Will    .....        (no ring)
Stlth   +++          (no ring)
HPRegen 0.22/turn    (no ring)
MPRegen 0.10/turn    (no ring)
                     (no ring)

%: no passive effects
@: no status effects
A: almost no armour, amphibious, 8 rings, camouflage 1, gelatinous body 1,
(nimble swimmer 1), tentacles
a: Renounce Religion, Potion Petition, Call Merchant, Bribe Branch


You were on level 1 of the Dungeon.
You worshipped Gozag.
Gozag was noncommittal.
You visited 1 branch of the dungeon, and saw 1 of its levels.

You collected 13 gold pieces.

Inventory:

Hand Weapons
 a - a +0 dagger (weapon)
Armour
 b - a +0 hat (worn)
Scrolls
 d - a scroll of teleportation {unknown}
 g - a scroll of immolation {unknown}
Potions
 c - a potion of magic
 e - a potion of haste {unknown}
 f - a potion of brilliance {unknown}


   Skills:
 + Level 0.2 Fighting
 * Level 1.0 Short Blades
 + Level 2.1 Dodging
 + Level 3.0 Stealth
 * Level 3.1 Spellcasting
 + Level 1.2 Conjurations
 - Level 1.0 Summonings
 - Level 1.0 Translocations


You had 6 spell levels left.
You knew the following spells:

 Your Spells              Type           Power      Damage    Failure   Level
a - Magic Dart            Conj           24%        1d4       11%         1

Your spell library contained the following spells:

 Spells                   Type           Power      Damage    Failure   Level
 Sandblast                Erth           4%         2d4       19%         1
 Slow                     Hex            8%         N/A       19%         1
 Blink                    Tloc           10%        N/A       19%         2
 Call Imp                 Summ           10%        N/A       19%         2
 Cigotuvi's Dreadful Rot  Necr/Alch/Air  4%         N/A       28%         2
 Stone Arrow              Conj/Erth      8%         3d7       38%         3
 Mephitic Cloud           Conj/Alch/Air  3%         N/A       43%         3
 Passwall                 Erth           2%         N/A       50%         3
 Brom's Barrelling Bould  Conj/Erth      4%         2d3       80%         4


Dungeon Overview and Level Annotations

Branches:
Dungeon (1/15)

Altars:
Gozag


Innate Abilities, Weirdness & Mutations

You cannot wear most types of armour.
You are amphibious.
You can wear up to eight rings at the same time.
Your skin changes colour to match your surroundings (Stealth+).
Your rubbery body absorbs attacks. (AC +1, EV +1)
((You are camouflaged when in or above water. (Stealth+)))
You have tentacles for arms and can constrict up to eight enemies at once.


Message History

Nothing appears to happen.
The rat squeaks loudly.
Unknown command.
Casting: Magic Dart (safe; 11% risk of failure)
Confirm with . or Enter, or press ? or * to list all spells.
Aiming: Magic Dart (safe; 11% risk of failure)
Press: ? - help, Shift-Dir - straight line, f/p - rat
Aim: a rat (100% to hit)
The magic dart hits the rat.
The rat is moderately wounded.
Unknown command.
Casting: Magic Dart (safe; 11% risk of failure)
Confirm with . or Enter, or press ? or * to list all spells.
Aiming: Magic Dart (safe; 11% risk of failure)
Press: ? - help, Shift-Dir - straight line, f/p - rat
Aim: a rat (moderately wounded, 100% to hit)
The magic dart hits the rat.
The rat is severely wounded.
Unknown command.
Casting: Magic Dart (safe; 11% risk of failure)
Confirm with . or Enter, or press ? or * to list all spells.
Aiming: Magic Dart (safe; 11% risk of failure)
Press: ? - help, Shift-Dir - straight line, f/p - rat
Aim: a rat (severely wounded, 100% to hit)
The magic dart hits the rat.
You kill the rat!
Your Stealth skill increases to level 3!
Unknown command.
A frilled lizard and a hobgoblin come into view.
An endoplasm and a hobgoblin come into view.
Your magical contamination has completely faded away.
You see here a frilled lizard corpse.
You enter the deep water.
Found 6 stones.
The hobgoblin shouts!
There is a faded altar of an unknown god here.
This altar belongs to (a) Fedhas, (b) Gozag or (c) Okawaru, but you can't tell which.
Press the corresponding letter to learn more about a god, or press enter to convert or escape to cancel.
Gozag accepts your prayer! Gozag welcomes you!
Gozag waives the service fee.
Are you sure you want to abandon this character and quit the game? (Confirm with "yes".)

### #.# #... ..# #.#
....#####.###.#
#..#.....#(##.#
#.........#†#†####
.#.........#.....#
#...........#........
#.J...≈≈....#..######
#....≈.@≈†.....#
#.....≈≈....#.##
#...........#.#
.#.l.......#.+#
#.........#g...
#(g#.....#......
#.#.#####........
.... ........


You could see an endoplasm (asleep), 2 hobgoblins and a frilled lizard (asleep).

Vanquished Creatures
  A dart slug (D:1)
  An endoplasm (D:1)
  A goblin (D:1)
  A hobgoblin (D:1)
  A quokka (D:1)
  2 ball pythons (D:1)
  2 bats (D:1)
  3 frilled lizards (D:1)
  2 kobolds (D:1)
  2 rats (D:1)
16 creatures vanquished.

Notes
Turn   | Place    | Note
-------+----------+-------------------------------------------
     0 | D:1      | Sweeb the Octopode Hedge Wizard began the quest for the
                  | Orb.
     0 | D:1      | Reached XP level 1. HP: 11/11 MP: 4/4
   193 | D:1      | Reached XP level 2. HP: 11/17 MP: 1/6
   608 | D:1      | Reached skill level 1 in Short Blades
   654 | D:1      | Found a faded altar of an unknown god.
   684 | D:1      | Prayed at the altar of an unknown god.
   684 | D:1      | Became a worshipper of Gozag Ym Sagoz the Greedy
   685 | D:1      | Quit the game

Illustrated notes

Levels and vault maps discovered:
D:1:      evilmike_arrival_hilbert_curve, layout_loops_corners,
          shapermc_ecumenical_altar_starsandcircs, minmay_quantized

Skill      XL: |  1  2 |
---------------+-------+-----
Short Blades   | 1 |  1.0
Stealth        | 3 |  3.0
Fighting       | |  0.2
Dodging        | |  2.1
Spellcasting   | |  3.1
Conjurations   | |  1.2
Summonings     | |  1.0
Translocations | |  1.0

Action                     || total
---------------------------++-------
  Melee: Dagger            ||     6
         Constrict         ||     2
         Tentacles         ||     1
   Cast: Magic Dart        ||    31
 Armour: Skin              ||     4
  Dodge: Dodged            ||     4
